 Dungeon Crawl Stone Soup version 0.17-a0-2064-g265a032 (webtiles) character file.

100 abixa the Cudgeler (level 4, 0/72 HPs)
             Began as an Ogre Berserker on Oct 12, 2015.
             Was a Priest of Trog.
             Slain by a quokka (2 damage)
             ... on level 3 of the Dungeon.
             The game lasted 00:06:22 (2202 turns).

abixa the Cudgeler (Ogre Berserker)                 Turns: 2202, Time: 00:06:22

Health: 0/72       AC:  3    Str: 27    XL:     4   Next: 73%
Magic:  4/4        EV: 10    Int:  6    God:    Trog [***...]
Gold:   77         SH:  0    Dex: 10    Spells: 0 memorised, 3 levels left

rFire  . . .     SeeInvis +     a - +0 mace
rCold  . . .     Clarity  .     b - +0 animal skin
rNeg   . . .     SustAt   .     (no shield)
rPois  .         Gourm    .     (helmet restricted)
rElec  .         Spirit   .     (no cloak)
rCorr  .         Warding  .     (gloves unavailable)
rMut   .         Stasis   .     (boots unavailable)
MR     .....                    (no amulet)
Stlth  ..........               (no ring)
                                v - ring of see invisible

@: berserking, lethally poisoned (0 -> -1), very quick, not resistant to hostile
enchantments, extremely unstealthy
A: unfitting armour, tough skin 1
a: Burn Spellbooks, Berserk, Trog's Hand, Renounce Religion


You were on level 3 of the Dungeon.
You worshipped Trog.
Trog was most pleased with you.
You were hungry.

You visited 1 branch of the dungeon, and saw 3 of its levels.

You collected 77 gold pieces.

Inventory:

Hand Weapons
 a - a +0 mace (weapon)
Missiles
 g - 55 stones (quivered)
 t - 33 bolts
Armour
 b - a +0 animal skin (worn)
Jewellery
 j - an uncursed ring of wizardry
 v - a ring of see invisible (left hand)
Scrolls
 d - 3 scrolls of teleportation {unknown}
 f - a scroll of enchant weapon {unknown}
 h - a scroll of magic mapping {unknown}
 i - a scroll of blinking {unknown}
 m - a scroll of amnesia {unknown}
 o - a scroll of immolation {unknown}
 p - 2 scrolls of identify {unknown}
 s - 4 scrolls of remove curse {unknown}
Potions
 e - 3 potions of agility {unknown}
 k - 3 potions of curing {unknown}
 l - a potion of might {unknown}
 q - a potion of degeneration {unknown}
 r - a potion of magic {unknown}
Comestibles
 c - 4 bread rations
 n - a chunk of flesh
 u - 2 beef jerkies


   Skills:
 - Level 4.0 Fighting
 + Level 7.0 Maces & Flails
 - Level 2.6 Dodging


You had 3 spell levels left.
You didn't know any spells.

Dungeon Overview and Level Annotations

Branches:
Dungeon (3/15)

Altars:


Innate Abilities, Weirdness & Mutations

You are too large for most types of armour.
You have tough skin (AC +1).


Message History

A red film seems to cover your vision as you go berserk!
You feel yourself moving faster!
You feel mighty!
You are feeling hungry.
You feel sick. The adder misses you. The quokka bites you.
* * * LOW HITPOINT WARNING * * *
The adder bites you.
* * * LOW HITPOINT WARNING * * *
You closely miss the adder.
The adder is severely wounded.
The quokka bites you.
* * * LOW HITPOINT WARNING * * *
The adder closely misses you.
You sock the adder!
You kill the adder!
Trog accepts your kill.
Your Maces & Flails skill increases to level 7!
The quokka bites you.
* * * LOW HITPOINT WARNING * * *
You barely miss the quokka. The quokka bites you.
You die...

##..#####<###
.............#
.##..#.#####.#
#..#..## #)######
#..#.#.###......##
#...###.##........#
#..## ##.#.........
##r.###......##.#..
#@..#...##..# # .
#†......##.....
#.......##......
#.......###.##.#
#.......# .. ...
#.......# ### ##
#########


You could see a quokka.

Vanquished Creatures
  Robin (D:2)
  2 adders (D:3)
  2 worms (D:2)
  3 giant geckos
  2 orcs (D:3)
  3 ball pythons
  2 giant cockroaches
  11 hobgoblins
  3 kobolds
  A bat (D:1)
  6 giant newts
  13 goblins
  2 jackals (D:3)
  12 rats
63 creatures vanquished.

Notes
Turn   | Place    | Note
--------------------------------------------------------------
     0 | D:1      | abixa the Ogre Berserker began the quest for the Orb.
     0 | D:1      | Reached XP level 1. HP: 24/24 MP: 1/1
   263 | D:1      | Reached XP level 2. HP: 32/32 MP: 2/2
   411 | D:1      | Reached skill level 5 in Maces & Flails
   712 | D:1      | Reached ** piety under Trog
   802 | D:2      | Reached XP level 3. HP: 8/39 MP: 3/3
  1055 | D:2      | Noticed Robin
  1107 | D:2      | Killed Robin
  1112 | D:2      | Reached skill level 6 in Maces & Flails
  1553 | D:2      | Reached XP level 4. HP: 48/48 MP: 4/4
  2167 | D:3      | Reached *** piety under Trog
  2201 | D:3      | Reached skill level 7 in Maces & Flails
  2201 | D:3      | HP: 2/72 [quokka (2)]
  2202 | D:3      | Slain by a quokka

Vault maps used:
D:1:      evilmike_arrival_home_sweet_home
D:2:      first_bread, uniq_robin

Action                   |  1- 3 |  4- 6 || total
-------------------------+-------+-------++-------
Melee: Mace              |   131 |    73 ||   204
Throw: Stone             |    12 |       ||    12
Invok: Berserk           |       |     1 ||     1
 Stab: Sleeping          |     2 |       ||     2
  Eat: Chunk             |     2 |     2 ||     4
